 Dungeon Crawl Stone Soup version 0.19-a0-1326-gee3fcf6 (webtiles) character file.

365 TheGoonsmith the Vexing (level 6, -8/32 HPs)
             Began as a Vine Stalker Enchanter on Aug 31, 2016.
             Was an Initiate of Ashenzari.
             Mangled by a mummy (11 damage)
             ... on level 4 of the Dungeon.
             The game lasted 00:07:34 (2591 turns).

TheGoonsmith the Vexing (Vine Stalker Enchanter)    Turns: 2591, Time: 00:07:34

Health: -8/32      AC:  5    Str: 10    XL:     6   Next: 68%
Magic:  0/10       EV: 12    Int: 16    God:    Ashenzari [......]
Gold:   104        SH:  0    Dex: 16    Spells: 3 memorised, 2 levels left

rFire  . . .     SeeInvis .     a - +2 dagger
rCold  . . .     Gourm    .     b - +1 robe
rNeg   . . .     Faith    .     (no shield)
rPois  .         Spirit   +     (no helmet)
rElec  .         Dismiss  .     (no cloak)
rCorr  .         Reflect  .     (no gloves)
MR     .....     Harm     .     j - +1 pair of boots (curse)
Stlth  +++.......               (no amulet)
                                (no ring)
                                (no ring)

@: very slightly contaminated
A: fangs 2, regeneration 1, magic shield, antimagic bite, no device heal 3, rot
immunity
a: Curse Item, Renounce Religion


You were on level 4 of the Dungeon.
You worshipped Ashenzari.
Ashenzari was noncommittal.
You were hungry.

You visited 1 branch of the dungeon, and saw 4 of its levels.
You also visited: Ossuary.

You collected 104 gold pieces.

Inventory:

Hand Weapons
 a - a +2 dagger (weapon)
 k - a +0 dagger of holy wrath
Armour
 b - a +1 robe (worn)
 j - a cursed +1 pair of boots (worn)
Wands
 g - a wand of digging (11/24)
Scrolls
 m - a scroll of remove curse
Books
 c - a book of Maledictions

   Spells                             Type                      Level
   a - Corona                         Hexes                        1
   b - Ensorcelled Hibernation        Hexes/Ice                    2
   c - Confuse                        Hexes                        3
   d - Tukima's Dance                 Hexes                        3
   e - Dazzling Spray                 Conjuration/Hexes            3
 i - a book of Debilitation

   Spells                             Type                      Level
   a - Corona                         Hexes                        1
   b - Slow                           Hexes                        2
   c - Gell's Gravitas                Hexes/Translocation          3
   d - Inner Flame                    Hexes/Fire                   3
   e - Cause Fear                     Hexes                        4
   f - Leda's Liquefaction            Hexes/Earth                  4
Comestibles
 d - 3 bread rations
 f - a slice of pizza
 h - 2 meat rations
 l - a chunk of flesh


   Skills:
 - Level 3.1 Fighting
 - Level 3.1 Short Blades
 - Level 1.5 Dodging
 - Level 4.0 Stealth
 + Level 2.2 Spellcasting
 - Level 5.0 Hexes


You had 2 spell levels left.
You knew the following spells:

 Your Spells              Type           Power        Failure   Level  Hunger
a - Corona                Hex            ###....      2%          1    #......
b - Tukima's Dance        Hex            ###.....     10%         3    ###....
c - Confuse               Hex            ###.....     10%         3    ###....


Dungeon Overview and Level Annotations

Branches:
Dungeon (4/15)
 Temple: D:4-7

Altars:
Ashenzari
Okawaru


Innate Abilities, Weirdness & Mutations

You have extremely sharp teeth.
Your natural rate of healing is unusually fast.
When hurt, damage is shared between your health and your magic reserves.
Your bite disrupts and absorbs the magic of your enemies.
Potions and wands cannot restore your health.
You are immune to rotting.


Message History

g - a wand of digging (11/24)
The mummy barely misses you.
Found an escape hatch in the floor.
You hit the mummy but do no damage.
The mummy is moderately damaged.
You hit the mummy.
The mummy is heavily damaged.
The mummy hits you.
* * * LOW HITPOINT WARNING * * *
The mummy hits you but does no damage.
You hit the mummy. You bite the mummy. You drain its power.
You feel invigorated.
The mummy is severely damaged.
The mummy barely misses you. The mummy hits you.
* * * LOW HITPOINT WARNING * * *
You hit the mummy but do no damage. You bite the mummy. You drain its power.
You feel invigorated.
The mummy is severely damaged.
The mummy hits you!
You die...

+## ##
#...#.
#.>.#. #.#
#...#. #.#
##########.#
#...#.M@##.#
#.>.#.MM##.#
# #...##.#
####'#.#
#....####
###.....##
#####..####
# ##....###
##
####...###.


You could see 3 mummies.

Vanquished Creatures
  Sigmund (D:3)
  A giant frog (D:3)
  Natasha (D:3)
  A worker ant (D:4)
  2 gnolls
  5 adders
  An ooze (D:2)
  An adder skeleton (D:4)
  A worm (D:2)
  2 dart slugs (D:1)
  6 bats (D:1)
  3 giant cockroaches
  5 goblins
  4 hobgoblins
  4 jackals (D:1)
  3 quokkas
  2 ball pythons (D:3)
  A giant newt (D:2)
  5 kobolds
  6 rats
55 creatures vanquished.

Vanquished Creatures (collateral kills)
  A gnoll (D:3)
1 creature vanquished.

Vanquished Creatures (others)
  A dancing weapon (D:3)
  4 toadstools (D:1)
5 creatures vanquished.

Grand Total: 61 creatures vanquished

Notes
Turn   | Place    | Note
-------+----------+-------------------------------------------
     0 | D:1      | TheGoonsmith the Vine Stalker Enchanter began the quest for the Orb.
     0 | D:1      | Reached XP level 1. HP: 9/9 MP: 4/4
    38 | D:1      | Reached skill level 1 in Short Blades
    75 | D:1      | Reached XP level 2. HP: 10/13 MP: 6/6
   665 | D:1      | Reached skill level 1 in Fighting
   836 | D:1      | Reached XP level 3. HP: 18/18 MP: 7/7
  1417 | D:2      | Learned a level 3 spell: Confuse
  1456 | D:2      | Found a shattered altar of Ashenzari.
  1463 | D:2      | Became a worshipper of Ashenzari the Shackled
  1681 | D:2      | Gained mutation: Your natural rate of healing is unusually fast. [Vine Stalker growth]
  1681 | D:2      | Reached XP level 4. HP: 9/22 MP: 4/8
  1748 | D:2      | Learned a level 3 spell: Tukima's Dance
  1939 | D:3      | Noticed a giant frog
  1946 | D:3      | Killed a giant frog
  1946 | D:3      | Reached XP level 5. HP: 28/28 MP: 9/9
  2137 | D:3      | Noticed Natasha
  2139 | D:3      | Found an iron altar of Okawaru.
  2155 | D:3      | Killed Natasha
  2220 | D:3      | Noticed Sigmund
  2245 | D:3      | Killed Sigmund
  2245 | D:3      | Reached skill level 4 in Hexes
  2245 | D:3      | Reached XP level 6. HP: 17/32 MP: 4/10
  2525 | D:4      | Reached skill level 5 in Hexes
  2557 | D:4      | Found a sand-covered staircase.
  2562 | Ossuary  | Entered an ossuary
  2591 | D:4      | Mangled by a mummy

Vault maps used:
D:1:      ldierk_walled_garden_2, serial_co_window_serial, co_window_paths_b,
          co_window_paths_b, co_window_corner_a, co_window_paths_a,
          co_window_paths_b, co_window_paths_a, co_window_paths_b,
          co_window_unsneaky_path_d, co_window_cross_4,
          co_window_unsneaky_path_a, co_window_paths_d
D:2:      marbit_many_paths
D:3:      kennysheep_goblin_castle, nicolae_overflow_crystal_walls,
          okawaru_gym_becter, uniq_sigmund, uniq_iyjb, uniq_natasha
D:4:      nicolae_ossuary_entry_false_entrances, first_bread
Ossuary:  ossuary_minmay_chase

Skill      XL: |  1  2  3  4  5  6 |
---------------+-------------------+-----
Short Blades   | 1 2 3 |  3.1
Fighting       | 1 2 3 |  3.1
Stealth        | 4 |  4.0
Hexes          | 4 5 |  5.0
Dodging        | |  1.5
Spellcasting   | |  2.2

Action                   |  1- 3 |  4- 6 || total
-------------------------+-------+-------++-------
Melee: Dagger            |   109 |   114 ||   223
       Bite              |    22 |    26 ||    48
 Cast: Tukima's Dance    |       |     7 ||     7
       Confuse           |       |     4 ||     4
       Corona            |       |     1 ||     1
Invok: Curse Item        |       |     1 ||     1
  Use: Scroll            |       |     6 ||     6
       Potion            |       |     1 ||     1
 Stab: Sleeping          |     8 |     5 ||    13
       Distracted        |     1 |       ||     1
  Eat: Chunk             |     1 |     5 ||     6
Armor: Robe              |    26 |    28 ||    54
Dodge: Dodged            |    66 |    54 ||   120
